cohdb
Replays
Latest Replays
All Replays
Popular Replays
Top Player Replays
Match Explorer
How It Works
Community
CoH3 Stats
Reddit
Sign in to upload your games and track your stats! →
Sign in with Steam
Match 42408900
Unlisted
Match 42408900
Overview
Messages
Build Orders
End
Royal Engineer Section
Construct Section Command Post
Infantry Section
Infantry Section
Infantry Section
Construct Platoon Command Post
Humber Armored Car
6-pounder Anti-tank Gun Team
Construct Field Infirmary
Vickers Machine Gun Team
Selects Heavy Armor Battlegroup
Selects Heavy Armor Battlegroup
Selects Rigorous Vehicle Training
Vickers Machine Gun Team
Infantry Section
Grenade Package
6-pounder Anti-tank Gun Team
Construct Company Command Post
Construct Company Command Post
Selects Light Vehicle Withdraw and Refit
Selects Radio Net
Selects Designate Targets
Designate Targets
Crusader II Medium Tank
Markov666
Monsieur Nathan
0
0
Comments
sign in to comment!
No comments posted yet!